 Dungeon Crawl Stone Soup version 0.20-a0-638-gd210ae2 (webtiles) character file.

208 Horseman the Gusty (level 5, 0/38 HPs)
             Began as a Centaur Air Elementalist on Feb 12, 2017.
             Was an Initiate of Kikubaaqudgha.
             Succumbed to a worker ant's poison
             ... on level 4 of the Dungeon.
             The game lasted 00:29:06 (4366 turns).

Horseman the Gusty (Centaur Air Elementalist)       Turns: 4366, Time: 00:29:07

Health: 0/38       AC:  4    Str: 10    XL:     5   Next: 55%
Magic:  2/7        EV:  9    Int: 15    God:    Kikubaaqudgha [......]
Gold:   132        SH:  0    Dex: 10    Spells: 3/7 levels left

rFire    . . .     SeeInvis .   t - +0 morningstar
rCold    . . .     Gourm    .   a - +0 robe
rNeg     . . .     Faith    .   (no shield)
rPois    .         Spirit   .   (no helmet)
rElec    .         Reflect  .   (no cloak)
rCorr    .         Harm     .   (no gloves)
MR       .....                  (no barding)
Stlth    +.........             (no amulet)
Regen    0.2/turn               (no ring)
                                (no ring)

@: lethally poisoned (0 -> -16), very quick
A: hooves 3, deformed body, speed 2, tough skin 3
a: Renounce Religion


You were on level 4 of the Dungeon.
You worshipped Kikubaaqudgha.
Kikubaaqudgha was noncommittal.
You were not hungry.

You visited 1 branch of the dungeon, and saw 4 of its levels.

You collected 132 gold pieces.


Innate Abilities, Weirdness & Mutations

You have hooves in place of feet.
Armour fits poorly on your strangely shaped body.
You cover ground very quickly.
You have extremely tough skin. (AC +3)


   Skills:
 + Level 2.4 Maces & Flails
 - Level 1.3 Dodging
 - Level 1.1 Stealth
 - Level 1.5 Spellcasting
 + Level 3.1 Conjurations
 + Level 4.0 Air Magic


You had 3 spell levels left.
You knew the following spells:

 Your Spells              Type           Power        Failure   Level  Hunger
z - Shock                 Conj/Air       ##..         8%          1    ##.....
Z - Static Discharge      Conj/Air       ##......     21%         3    ####...

Inventory:

Hand Weapons
 d - a +0 whip
 t - a +0 morningstar (weapon)
Missiles
 f - 26 bolts
 h - 109 stones (quivered)
 p - 12 arrows
Armour
 a - a +0 robe (worn)
 q - a +0 leather armour
Jewellery
 j - an uncursed ring of teleportation
Scrolls
 e - 3 scrolls of identify {unknown}
 i - 2 scrolls of teleportation {unknown}
 k - a scroll of fog {unknown}
 m - 2 scrolls of immolation {unknown}
 n - a scroll of magic mapping {unknown}
 o - 2 scrolls of remove curse
 r - a scroll of amnesia {unknown}
Books
 b - a book of Air

   Spells                             Type                      Level
   a - Shock                          Conjuration/Air              1
   b - Swiftness                      Charms/Air                   2
   c - Static Discharge               Conjuration/Air              3
   d - Airstrike                      Air                          4
   e - Lightning Bolt                 Conjuration/Air              5
Comestibles
 c - 2 bread rations
 g - 3 meat rations
 l - 2 royal jellies
 s - 12 chunks of flesh

Dungeon Overview and Level Annotations

Branches:
Dungeon (4/15)
 Temple: D:4-7

Altars:
Elyvilon
Kikubaaqudgha
Qazlal

.... ....
... ▒.▒
▒▒▒▒.▒▒▒▒
▒...†...▒
..▒.......▒
▒.........▒
▒▒▒....c[.▒
▒.......▒
▒▒▒▒▒▒▒▒▒


There were no monsters in sight!


Message History

* * * LOW HITPOINT WARNING * * *
You are lethally poisoned!
The worker ant poisons you!
You hit the worker ant. Your kick misses the worker ant.
The worker ant is almost dead.
* * * LOW HITPOINT WARNING * * *
You feel sick. The worker ant closely misses you.
The worker ant bites you but does no damage.
You hit the worker ant but do no damage.
The worker ant is almost dead.
* * * LOW HITPOINT WARNING * * *
You feel sick. The worker ant bites you.
* * * LOW HITPOINT WARNING * * *
You are more poisoned.
The worker ant poisons you!
You hit the worker ant.
You kill the worker ant!
Kikubaaqudgha accepts your kill.
Your Conjurations skill increases to level 3!
Your Air Magic skill increases to level 4!
* * * LOW HITPOINT WARNING * * *
You feel sick.
You aren't carrying any potions.
* * * LOW HITPOINT WARNING * * *
You feel sick.
* * * LOW HITPOINT WARNING * * *
You feel sick.
There is a stone staircase leading up here.
You die...
Kikubaaqudgha rasps: "You have failed me!
Welcome... death!"

Action                   |  1- 3 |  4- 6 || total
-------------------------+-------+-------++-------
Melee: Whip              |   127 |    83 ||   210
       Kick              |     9 |    14 ||    23
       Morningstar       |       |     8 ||     8
Throw: Stone             |    22 |    15 ||    37
 Cast: Shock             |    67 |    65 ||   132
       Static Discharge  |     5 |    11 ||    16
  Use: Scroll            |     1 |       ||     1
  Eat: Chunk             |     6 |     9 ||    15
Armor: Robe              |    62 |    34 ||    96
Dodge: Dodged            |    79 |    41 ||   120

Vault maps used:
D:1:      dpeg_arrival_tiny_d
D:2:      lemuel_zombie_altar_kikubaaqudgha, minitemple, dk_vineyard_3
D:3:      lemuel_doored_altar, grunt_qazlal_clouds, uniq_iyjb
D:4:      gammafunk_temple_overflow_wave, first_bread, uniq_grinder

Notes
Turn   | Place    | Note
-------+----------+-------------------------------------------
     0 | D:1      | Horseman the Centaur Air Elementalist began the quest for the Orb.
     0 | D:1      | Reached XP level 1. HP: 14/14 MP: 3/3
    51 | D:1      | Reached skill level 1 in Conjurations
   304 | D:1      | Reached XP level 2. HP: 15/20 MP: 2/4
   393 | D:1      | Reached skill level 3 in Air Magic
   820 | D:1      | Reached skill level 1 in Maces & Flails
   867 | D:1      | Reached XP level 3. HP: 25/26 MP: 2/5
  1035 | D:1      | Learned a level 3 spell: Static Discharge
  1386 | D:2      | Reached skill level 2 in Conjurations
  2334 | D:2      | Reached XP level 4. HP: 32/33 MP: 4/6
  2347 | D:2      | Found an ancient bone altar of Kikubaaqudgha.
  2356 | D:2      | Became a worshipper of Kikubaaqudgha
  2644 | D:3      | Noticed Ijyb
  2722 | D:3      | Killed Ijyb
  3185 | D:3      | Reached skill level 2 in Maces & Flails
  3185 | D:3      | Reached XP level 5. HP: 13/38 MP: 0/7
  3927 | D:3      | Found a white marble altar of Elyvilon.
  4139 | D:3      | Found a stormy altar of Qazlal.
  4363 | D:4      | Reached skill level 3 in Conjurations
  4363 | D:4      | Reached skill level 4 in Air Magic
  4364 | D:4      | HP: 3/38 [poisoned by a worker ant]
  4366 | D:4      | Succumbed to a worker ant's poison

Vanquished Creatures
  Ijyb (D:3)
  A worker ant (D:4)
  3 gnolls (D:3)
  3 adders (D:3)
  3 oozes
  A dart slug (D:1)
  4 leopard geckos
  5 orcs (D:3)
  5 bats
  2 bat zombies (D:2)
  5 giant cockroaches (D:1)
  8 goblins
  4 hobgoblins
  9 jackals
  7 kobolds
  2 quokkas
  A ball python (D:3)
  4 frilled lizards
  7 rats
75 creatures vanquished.
